 Dungeon Crawl Stone Soup version 0.25.0-1-g7eea58d2a3 (webtiles) character file.

Game seed: 15303083538500205717

1301 NoobNation the Grappler (level 8, -1/74 HPs)
             Began as a Troll Monk on June 14, 2020.
             Was a Believer of Okawaru.
             Slain by a bullfrog (6 damage)
             ... on level 7 of the Dungeon.
             The game lasted 00:11:49 (4267 turns).

NoobNation the Grappler (Troll Monk)                Turns: 4267, Time: 00:11:49

Health: -1/74      AC:  6    Str: 22    XL:     8   Next: 31%
Magic:  7/7        EV: 10    Int:  6    God:    Okawaru [**....]
Gold:   85         SH:  0    Dex: 12    Spells: 7/7 levels left

rFire    . . .     SeeInvis .     - Unarmed
rCold    . . .     Gourm    +   (no shield)
rNeg     . . .     Faith    .   a - +0 robe
rPois    .         Spirit   .   (helmet restricted)
rElec    .         Reflect  .   (no cloak)
rCorr    .         Harm     .   (gloves unavailable)
MR       +....                  (boots unavailable)
Stlth    +++.......             (no amulet)
HPRegen  0.62/turn              u - ring of protection from magic
MPRegen  0.10/turn              B - ring of stealth

@: no status effects
A: large, unfitting armour, claws 3, fast metabolism 3, gourmand, regeneration
1, shaggy fur 1, tough skin 3
a: Heroism, Renounce Religion


You were on level 7 of the Dungeon.
You worshipped Okawaru.
Okawaru was pleased with you.
You were not hungry.

You visited 2 branches of the dungeon, and saw 8 of its levels.

You collected 273 gold pieces.
You spent 188 gold pieces at shops.

Inventory:

Missiles
 o - a throwing net (quivered)
 y - 77 stones
Armour
 a - a +0 robe (worn)
 d - a +0 kite shield
Jewellery
 u - a ring of protection from magic (left claw)
 v - an uncursed ring of resist corrosion
 B - a ring of stealth (right claw)
Wands
 p - a wand of enslavement (10)
 s - a wand of clouds (7)
 A - a wand of paralysis (10)
 D - a wand of digging (5)
Scrolls
 e - a scroll of fog
 g - 3 scrolls of remove curse
 l - 2 scrolls of teleportation
 t - 3 scrolls of identify
 x - a scroll of amnesia
 C - a scroll of enchant weapon
 E - a scroll of enchant armour {unknown}
Potions
 c - 3 potions of flight
 f - a potion of brilliance {unknown}
 h - 7 potions of curing
 i - 4 potions of degeneration {unknown}
 j - a potion of stabbing
 k - a potion of invisibility {unknown}
 m - 2 potions of haste {unknown}
 n - a potion of ambrosia
 q - a potion of heal wounds {unknown}
 r - 2 potions of magic {unknown}
 w - 4 potions of mutation
 z - a potion of lignification {unknown}
Comestibles
 b - 13 rations


   Skills:
 + Level 2.9 Fighting
 * Level 2.3 Throwing
 - Level 2.4 Dodging
 - Level 1.0 Stealth
 - Level 10.0 Unarmed Combat


You had 7 spell levels left.
You didn't know any spells.
Your spell library was empty.

Dungeon Overview and Level Annotations

Branches:
Dungeon (7/15)             Temple (1/1) D:5

Altars:
Ashenzari
Dithmenos
Elyvilon
Fedhas
Hepliaklqana
Makhleb
Okawaru
Ru
Sif Muna
Trog
Uskayaw
Zin
The Shining One

Shops:
D:4 (   D:5 =


Innate Abilities, Weirdness & Mutations

You are too large for most types of armour.
You have claws for hands.
Your metabolism is lightning-fast.
You like to eat raw meat.
Your natural rate of healing is unusually fast.
You are covered in fur. (AC +1)
You have extremely tough skin. (AC +3)


Message History

The bullfrog hits you.
* * * LOW HITPOINT WARNING * * *
A gnoll comes into view.
It is wielding a +0 whip and carrying a wand of polymorph (9).
You barely miss the bullfrog.
The bullfrog is severely wounded.
The bullfrog hits you but does no damage.
You closely miss the bullfrog.
The bullfrog is severely wounded.
The bullfrog hits you.
* * * LOW HITPOINT WARNING * * *
You closely miss the bullfrog.
The bullfrog is severely wounded.
The bullfrog hits you but does no damage.
The orc wizard hits you but does no damage.
The bullfrog barely misses you.
You closely miss the bullfrog.
The bullfrog is heavily wounded.
The orc wizard begins to cast a cantrip, but forgets the words!
The bullfrog hits you.
You die...

..# ..... ...% ..#
#.#
###########.##+#
##
+....#...'.....#
..
#....'...#...o.+
..
#######..##..@.#
.#
##.##..##..)F##..#
+............g...#
#................+
#......########..#
#......# ..#
###....# ..#
#..<.# ..# #....#
##


You could see a bullfrog, an orc wizard and a gnoll.

Vanquished Creatures
  Prince Ribbit (D:6)
  An orc warrior (D:7)
  A phantom (D:6)
  3 ogres
  2 bullfrogs
  A water moccasin zombie (D:5)
  A crimson imp (D:7)
  3 hounds (D:4)
  An orc priest (D:6)
  A centaur skeleton (D:5)
  2 orc wizards
  An iguana (D:5)
  A worker ant (D:7)
  Robin (D:4)
  8 adders
  An ooze (D:1)
  An adder skeleton (D:5)
  5 worms
  4 dart slugs
  3 leopard geckos
  6 orcs
  3 giant cockroaches
  13 goblins
  17 hobgoblins
  4 jackals (D:2)
  3 quokkas (D:3)
  2 ball pythons
  6 bats
  3 frilled lizards
  A jackal skeleton (D:4)
  11 kobolds
  9 rats
120 creatures vanquished.

Notes
Turn   | Place    | Note
-------+----------+-------------------------------------------
     0 | D:1      | NoobNation the Troll Monk began the quest for the Orb.
     0 | D:1      | Reached XP level 1. HP: 22/22 MP: 0/0
   297 | D:1      | Reached XP level 2. HP: 29/29 MP: 1/1
   598 | D:1      | Reached skill level 4 in Unarmed Combat
   726 | D:1      | Reached XP level 3. HP: 36/36 MP: 2/2
   932 | D:2      | Noticed a shadow
   933 | D:2      | Found a shadowy altar of Dithmenos.
   934 | D:2      | Found a hazy altar of Hepliaklqana.
  1067 | D:2      | Reached XP level 4. HP: 44/44 MP: 3/3
  1082 | D:2      | Reached skill level 5 in Unarmed Combat
  1260 | D:2      | Found a glowing golden altar of the Shining One.
  1260 | D:2      | Found a shimmering blue altar of Sif Muna.
  1876 | D:3      | Found a bloodstained altar of Trog.
  2132 | D:3      | Reached XP level 5. HP: 37/50 MP: 4/4
  2388 | D:4      | Noticed Robin
  2398 | D:4      | Reached skill level 6 in Unarmed Combat
  2406 | D:4      | Killed Robin
  2475 | D:4      | Found Qymm's Weapon Boutique.
  2489 | D:4      | Found a burning altar of Makhleb.
  2489 | D:4      | Noticed a green death
  2492 | D:4      | Noticed an orange demon
  2492 | D:4      | Noticed a ynoxinul
  2496 | D:4      | Found a hide-covered altar of Uskayaw.
  2496 | D:4      | Found a bloodstained altar of Trog.
  2496 | D:4      | Noticed an ogre
  2499 | D:4      | Noticed an ogre
  2512 | D:4      | Killed an ogre
  2512 | D:4      | Reached skill level 7 in Unarmed Combat
  2512 | D:4      | Reached XP level 6. HP: 24/59 MP: 5/5
  2525 | D:4      | HP: 2/59 [ogre/+0 giant spiked club (25)]
  2988 | D:5      | Entered Level 5 of the Dungeon
  3020 | D:5      | Reached skill level 8 in Unarmed Combat
  3020 | D:5      | Reached XP level 7. HP: 56/66 MP: 6/6
  3146 | D:5      | Found a glowing silver altar of Zin.
  3279 | D:5      | Found Labad's Jewellery Boutique.
  3288 | D:5      | Bought a cursed ring of stealth for 188 gold pieces
  3342 | D:5      | Found a staircase to the Ecumenical Temple.
  3359 | Temple   | Entered the Ecumenical Temple
  3403 | Temple   | Became a worshipper of Warmaster Okawaru
  3403 | Temple   | Reached * piety under Okawaru
  3403 | Temple   | Reached ** piety under Okawaru
  3420 | D:5      | Found a glowing silver altar of Zin.
  3808 | D:6      | Noticed Prince Ribbit
  3906 | D:6      | Reached skill level 9 in Unarmed Combat
  3996 | D:6      | Killed Prince Ribbit
  3996 | D:6      | Reached XP level 8. HP: 62/74 MP: 7/7
  4162 | D:6      | Found a white marble altar of Elyvilon.
  4163 | D:6      | Found a sacrificial altar of Ru.
  4166 | D:6      | Found a shattered altar of Ashenzari.
  4232 | D:7      | Reached skill level 10 in Unarmed Combat
  4236 | D:7      | Reached skill level 1 in Throwing
  4267 | D:7      | Slain by a bullfrog

Illustrated notes

Levels and vault maps discovered:
D:1:      dpeg_arrival_castle, layout_basic, minmay_misc_feat_encased,
          minivault_24
D:2:      layout_loops_corners, riverfiend_overflow_shadow_ancestor,
          gammafunk_temple_overflow_elements
D:3:      layout_loops_ring, first_ration, bloody_trog
D:4:      layout_rooms, chequers_temple_overflow_statue_of_worship,
          makhleb_altar_promises_db, serial_shops, shop, uniq_robin
D:5:      layout_gridville, zin_statuary, minmay_temple_entry_waves,
          serial_shops, shop, basic_altar, minivault_27
D:6:      layout_rooms, minitemple, uniq_prince_ribbit1
D:7:      layout_gridville, fedhas_altar_4
Temple:   nicolae_temple_figure_zero

Skill      XL: |  1  2  3  4  5  6  7  8 |
---------------+-------------------------+-----
Unarmed Combat | 4 5 7 8 9 10 | 10.0
Throwing       | 2 |  2.3
Fighting       | |  2.9
Dodging        | |  2.4
Stealth        | |  1.0

Action                   |  1- 3 |  4- 6 |  7- 9 || total
-------------------------+-------+-------+-------++-------
Melee: Unarmed           |    88 |   151 |    80 ||   319
       Punch             |     1 |     6 |     2 ||     9
  Use: Scroll            |       |       |    14 ||    14
       Potion            |       |       |     1 ||     1
 Stab: Sleeping          |     3 |     5 |     1 ||     9
  Eat: Chunk             |    15 |    16 |     4 ||    35
       Ration            |       |       |     1 ||     1
Armor: Robe              |    36 |    37 |    21 ||    94
Dodge: Dodged            |    48 |    71 |    29 ||   148
